 Dungeon Crawl Stone Soup version 0.30.0-29-ga12c61a403 (webtiles) character file.

Game seed: 6283090817334759850

149 AIAndy the Changer (level 5, -2/33 HPs)
             Began as an Octopode Transmuter on June 13, 2023.
             Slain by a water moccasin (8 damage)
             ... on level 6 of the Dungeon.
             The game lasted 00:11:41 (3233 turns).

AIAndy the Changer (Octopode Transmuter)            Turns: 3233, Time: 00:11:43

Health: -2/33      AC:  2    Str: 11    XL:     5   Next: 31%
Magic:  15/17      EV: 19    Int: 17    God:
Gold:   224        SH:  0    Dex: 18    Spells: 4/8 levels left

rFire   + .          .
                       - Unarmed
rCold   . . .        (shield currently unavailable)
rNeg    . . .        (helmet currently unavailable)
rPois   x            (no amulet)
rElec   .            c - ring of protection from fire
rCorr   .            g - ring "Qewkar" {Fly MP+9 Int+2}
SInv    .            (no ring)
Will    .....        (no ring)
Stlth   ++           (no ring)
HPRegen 0.25/turn    (no ring)
MPRegen 0.15/turn    (no ring)
                     (no ring)

%: no passive effects
@: lethally poisoned (-2 -> -57), spider-form, flying
A: venomous fangs, almost no armour, (amphibious), 8 rings, tiny, (camouflage
1), (gelatinous body 1), (nimble swimmer 1), (tentacles)
a: End Transformation


You were on level 6 of the Dungeon.
You were a venomous arachnid creature.
You visited 1 branch of the dungeon, and saw 6 of its levels.

You collected 224 gold pieces.

Inventory:

Missiles
 d - 25 stones (quivered)
 m - 2 silver javelins
Jewellery
 c - a ring of protection from fire (left front pincers)
 g - the ring "Qewkar" (right front pincers) {Fly MP+9 Int+2}
   (You took it off a goblin on level 2 of the Dungeon)

   [ring of magical power]

   Int:       It affects your intelligence (+2).
   MP:        It affects your magic capacity (+9).
   Fly:       It grants you flight.
Wands
 p - a wand of polymorph (12)
Scrolls
 b - 6 scrolls of identify {unknown}
 e - a scroll of fear {unknown}
 f - 2 scrolls of noise {unknown}
 j - a scroll of blinking {unknown}
 n - a scroll of fog {unknown}
Potions
 a - 3 potions of lignification
 h - a potion of attraction {unknown}
 i - 2 potions of degeneration {unknown}
 k - a potion of berserk rage {unknown}
 l - 2 potions of mutation {unknown}
 o - a potion of resistance {unknown}


   Skills:
 - Level 1.0 Fighting
 - Level 2.0 Dodging
 - Level 3.0 Unarmed Combat
 - Level 2.0 Spellcasting
 * Level 4.9 Transmutations
 - Level 2.0 Poison Magic


You had 4 spell levels left.
You knew the following spells:

 Your Spells              Type           Power      Damage    Failure   Level
a - Beastly Appendage     Tmut           36%        N/A       10%         1
b - Spider Form           Tmut/Pois      13%        N/A       32%         3

Your spell library contained the following spells:

 Spells                   Type           Power      Damage    Failure   Level
 Wereblood                Tmut           18%        N/A       12%         2
 Ensorcelled Hibernation  Hex/Ice        2%         N/A       50%         2
 Ice Form                 Ice/Tmut       10%        N/A       77%         4
 Anguish                  Hex/Necr       0%         N/A       96%         4


Dungeon Overview and Level Annotations

Branches:
Dungeon (7/15)
 Temple: D:4-7

Altars:

Annotations:
D:7 exclusion: 2 wights


Innate Abilities, Weirdness & Mutations

You are a venomous arachnid creature.
You have venomous fangs.
You are tiny and dextrous.
Your spellcasting is less reliable in this form.
Your armour is entirely melded.
You are incapable of wielding weapons or throwing items.
You cannot wear most types of armour.
((You are amphibious.))
You can wear up to eight rings at the same time.
((Your skin changes colour to match your surroundings (Stealth+).))
((Your rubbery body absorbs attacks. (AC +1, EV +1)))
((You are camouflaged when in or above water. (Stealth+)))
((You have tentacles for arms and can constrict up to eight enemies at once.))


Message History

There is an entrance to an ossuary on this level.
Hurry and find it before the portal is buried!
Found a plate armour, a leather armour and a scroll labelled FUIFAL HATEU.
Okay, then.
Unknown command.
Casting: Beastly Appendage (safe; 2% risk of failure)
Confirm with . or Enter, or press ? or * to list all spells.
The spell is quite dangerous to miscast (14% risk of failure)!
Continue anyway?
You turn into a venomous arachnid creature.
The water moccasin bites you.
You closely miss the water moccasin. The water moccasin misses you.
You hit the water moccasin.
The water moccasin is moderately wounded.
The water moccasin bites you but does no damage.
The water moccasin barely misses you.
You barely miss the water moccasin.
The water moccasin is moderately wounded.
The water moccasin closely misses you.
You hit the water moccasin.
The water moccasin is poisoned.
The water moccasin is moderately wounded.
The water moccasin misses you.
You hit the water moccasin.
The water moccasin is heavily wounded.
The water moccasin closely misses you.
You closely miss the water moccasin.
The water moccasin is heavily wounded.
The water moccasin barely misses you. The water moccasin bites you.
You are poisoned.
The water moccasin poisons you!
You barely miss the water moccasin.
The water moccasin is heavily wounded.
You feel extremely sick. The water moccasin bites you!
You hit the water moccasin.
The water moccasin is severely wounded.
You feel very sick. The water moccasin bites you.
* * * LOW HITPOINT WARNING * * *
You are more poisoned.
The water moccasin poisons you! The water moccasin bites you!
You die...

..##...............#
..................#
##..#......##[.....
#.....##...# #.....
#..........# ##...
##.##......# ..
#...#...#### #
#S.#### #s....#
#.........#
............##
...........##
.##.#...#### ###...#
#.... ##...


You could see a water moccasin (very poisoned).

Vanquished Creatures
  4 gnolls (D:3)
  5 adders
  A white imp (D:7)
  2 worms
  A dart slug (D:1)
  An orc (D:3)
  2 ball pythons (D:1)
  5 bats
  5 endoplasms
  4 giant cockroaches
  5 goblins
  5 hobgoblins
  4 kobolds
  2 quokkas
  5 frilled lizards
  3 rats
54 creatures vanquished.

Notes
Turn   | Place    | Note
-------+----------+-------------------------------------------
     0 | D:1      | AIAndy the Octopode Transmuter began the quest for the Orb.
     0 | D:1      | Reached XP level 1. HP: 13/13 MP: 3/3
   244 | D:1      | Reached XP level 2. HP: 8/18 MP: 5/5
   348 | D:1      | Reached skill level 3 in Transmutations
   799 | D:1      | Reached XP level 3. HP: 23/23 MP: 4/6
   803 | D:1      | Learned a level 3 spell: Spider Form
  1167 | D:2      | Found a faded altar of an unknown god.
  1456 | D:2      | Identified the ring "Qewkar" {Fly MP+9 Int+2}
  1462 | D:2      | Reached skill level 1 in Poison Magic
  1916 | D:2      | Reached XP level 4. HP: 26/28 MP: 7/7
  1995 | D:3      | Reached skill level 4 in Transmutations
  2770 | D:3      | Reached XP level 5. HP: 25/33 MP: 8/8
  3043 | D:4      | You are sucked into a shaft and drop 3 floors!
  3216 | D:6      | Noticed a water moccasin
  3233 | D:6      | Slain by a water moccasin

Illustrated notes

Levels and vault maps discovered:
D:1:      heliophobic_arrival_enchanted_forest, layout_basic
D:2:      layout_basic, dreamdust_ecumenical_altar_grove
D:3:      layout_loops_corners, hangedman_decor_push, grunt_ministairs_2
D:4:      old_forge, layout_basic, ebering_ghost_sewer_d
D:6:      layout_cave_pools, enter_ossuary_4, kennysheep_doodads
D:7:      layout_gridville, minmay_temple_entry_junction, serial_shops, shop

Skill      XL: |  1  2  3  4 |
---------------+-------------+-----
Transmutations | 3 4 |  4.9
Poison Magic   | 1 2 |  2.0
Fighting       | |  1.0
Dodging        | |  2.0
Unarmed Combat | |  3.0
Spellcasting   | |  2.0

Action                     |  1- 3 |  4- 6 || total
---------------------------+-------+-------++-------
  Melee: Unarmed           |    72 |    53 ||   125
         Constrict         |    22 |    11 ||    33
         Kick              |    11 |     9 ||    20
         Tentacles         |    12 |     4 ||    16
         Punch             |     2 |     1 ||     3
  Throw: Stone             |       |     8 ||     8
   Cast: Beastly Appendage |    15 |    13 ||    28
         Spider Form       |       |     2 ||     2
   Stab: Sleeping          |     8 |     2 ||    10
 Armour: Skin              |     3 |     3 ||     6
  Dodge: Dodged            |    28 |    24 ||    52
